 Dungeon Crawl Stone Soup version 0.21-a0-228-g14ccbf3 (webtiles) character file.

14492 KristoblXynda the Carver (level 11, -1/95 HPs)
             Began as a Yellow Draconian Berserker on Aug 31, 2017.
             Was a High Priest of Trog.
             Slain by a chaos spawn (3 damage)
             ... summoned by a kobold demonologist
             ... while paralysed by a chaos spawn
             ... on level 11 of the Dungeon.
             The game lasted 00:31:35 (13235 turns).

KristoblXynda the Carver (DrBe)                    Turns: 13235, Time: 00:31:36

Health: -1/95      AC: 12    Str: 21    XL:     11   Next: 89%
Magic:  17/17      EV:  2    Int:  8    God:    Trog [*****.]
Gold:   515        SH:  0    Dex: 12    Spells: 10/10 levels left

rFire    + . .     SeeInvis .   a - +2 falchion (venom)
rCold    . . .     Gourm    .   (no shield)
rNeg     + . .     Faith    .   (armour unavailable)
rPois    .         Spirit   .   (helmet restricted)
rElec    .         Reflect  .   y - +1 cloak
rCorr    +         Harm     .   (no gloves)
MR       .....                  A - +2 pair of boots
Stlth    +++++.....             x - amulet of regeneration
HPRegen  0.65/turn              t - ring of stealth
MPRegen  0.15/turn              C - ring of positive energy

@: paralysed
A: spit acid, acid resistance, unfitting armour, talons 1, camouflage 1, blink,
fire resistance 1, cold-blooded, AC +7
a: Breathe Acid, Blink, Berserk, Trog's Hand, Brothers in Arms, Burn Spellbooks,
Renounce Religion


You were on level 11 of the Dungeon.
You worshipped Trog.
Trog was extremely pleased with you.
You were not hungry.

You visited 2 branches of the dungeon, and saw 12 of its levels.
You also visited: Sewer and Ossuary.

You collected 643 gold pieces.
You spent 128 gold pieces at shops.

Inventory:

Hand Weapons
 a - a +2 falchion of venom (weapon)
Missiles
 c - a throwing net
 E - 2 javelins of returning (quivered)
Armour
 y - a +1 cloak (worn)
 A - a +2 pair of boots (worn)
 H - a scarf of cloud immunity
Jewellery
 k - an uncursed ring of stealth
 t - a ring of stealth (left hand)
 x - an amulet of regeneration (around neck)
 C - a ring of positive energy (right hand)
Wands
 l - a wand of paralysis (9/24)
 r - a wand of iceblast (3/15)
 B - a wand of digging (13/24)
 K - a wand of iceblast (6/15)
 M - a wand of confusion (31/48)
Scrolls
 g - 6 scrolls of teleportation
 h - a scroll of fog
 n - 7 scrolls of remove curse
 s - 2 scrolls of identify
 v - 2 scrolls of magic mapping
 G - a scroll of blinking
Potions
 d - 6 potions of brilliance
 e - 5 potions of curing
 i - a potion of cancellation
 j - 3 potions of heal wounds
 m - a potion of magic
 o - a potion of mutation
 p - 3 potions of invisibility
 q - 7 potions of flight
 u - 2 potions of agility
 z - a potion of haste
Books
 D - a Grand Grimoire

   Spells                             Type                      Level
   a - Monstrous Menagerie            Summoning                    7
   b - Summon Greater Demon           Summoning                    7
   c - Malign Gateway                 Summoning/Translocation      7
   d - Summon Horrible Things         Summoning                    8
   Trog disapproves of the use of such an item.
 F - the Collected Works on Excruciating Flames
   (You found it on level 9 of the Dungeon)

   Spells                             Type                      Level
   a - Sting                          Conjuration/Poison           1
   b - Searing Ray                    Conjuration                  2
   c - Stone Arrow                    Conjuration/Earth            3
   d - Inner Flame                    Hexes/Fire                   3
   e - Bolt of Magma                  Conjuration/Fire/Earth       5
   f - Bolt of Fire                   Conjuration/Fire             6
   Trog disapproves of the use of such an item.
 I - a book of Misfortune

   Spells                             Type                      Level
   a - Confusing Touch                Hexes                        1
   b - Confuse                        Hexes                        3
   c - Gell's Gravitas                Translocation                3
   d - Petrify                        Transmutation/Earth          4
   e - Metabolic Englaciation         Hexes/Ice                    5
   f - Yara's Violent Unravelling     Hexes/Transmutation          5
   Trog disapproves of the use of such an item.
 L - a book of Air

   Spells                             Type                      Level
   a - Shock                          Conjuration/Air              1
   b - Swiftness                      Charms/Air                   2
   c - Static Discharge               Conjuration/Air              3
   d - Airstrike                      Air                          4
   e - Lightning Bolt                 Conjuration/Air              5
   Trog disapproves of the use of such an item.
Miscellaneous
 J - a lamp of fire
Comestibles
 b - 8 bread rations
 f - 2 meat rations
 w - 4 fruits


   Skills:
 + Level 8.9 Fighting
 + Level 11.5 Long Blades
 + Level 5.8 Throwing
 - Level 7.0 Dodging
 - Level 6.1 Stealth
 - Level 8.1 Evocations


You had 10 spell levels left.
You didn't know any spells.

Dungeon Overview and Level Annotations

Branches:
Dungeon (11/15)            Temple (1/1) D:7             Orc (0/2) D:10
   Lair: D:8-11

Altars:
Ashenzari
Cheibriados
Dithmenos
Elyvilon
Fedhas
Gozag
Hepliaklqana
Kikubaaqudgha
Makhleb
Nemelex Xobeh
Okawaru
Qazlal
Ru
Sif Muna
Trog
Uskayaw
Vehumet
Wu Jian
Xom
Yredelemnul
Zin
The Shining One

Shops:
D:6 %   D:8 *


Innate Abilities, Weirdness & Mutations

You can spit globs of acid.
You are resistant to acid.
Your golden yellow scales are hard. (AC +7)
You cannot fit into any form of body armour.
You are cold-blooded and may be slowed by cold attacks.
You have sharp toenails.
Your skin changes colour to match your surroundings (Stealth+).
You can translocate small distances at will.
Your flesh is heat resistant. (rF+)


Message History

The chaos spawn gores you.
* * * LOW HITPOINT WARNING * * *
The kobold demonologist hits you with a dagger.
* * * LOW HITPOINT WARNING * * *
The chaos spawn hits you but does no damage.
The quasit bites you but does no damage.
The quasit claws you but does no damage. x2
The kobold demonologist hits you but does no damage.
The chaos spawn hits you!
* * * LOW HITPOINT WARNING * * *
You are engulfed in flames.
You resist.
* * * LOW HITPOINT WARNING * * *
The quasit barely misses you.
The quasit claws you but does no damage. x2
The kobold demonologist shouts!
The quasit bites you but does no damage.
The quasit claws you but does no damage. x2
The kobold demonologist casts a cantrip, but nothing happens.
The chaos spawn hits you.
You die...

#..#### ##.....###.#...#
..## ##...##...##.## ...
###.##.####.# .. . ##....†#
#.####. ## ..
###...#######.#... #
.##.##..#.....K.....## #
..........####)......# #
#..##.......###K......# #
... ###.##..)@55......#
###.#.. #.###.K4#.......#
....#..###.# ###5........#
#####....#.####....P.....#
#..<##P...P.......#
#####...#...:.PPPP.P..#
####...........P...PPP....#
.....###.#...PP...P...P...#
########.....P.P####...PP.


You could see 2 kobold demonologists, a chaos spawn, a quasit, a white imp and
an ufetubus.

Vanquished Creatures
  Josephine (D:10)
  Fannar (D:10)
  3 two-headed ogres
  Nergalle (D:10)
  An unseen horror (D:10)
  The ghost of p0werm0de the Fighter, a novice DsFi of Cheibriados (D:8)
  A cyclops (D:9)
  A manticore (D:11)
  The ghost of Gorglomux the Thaumaturge, a novice GnTm (D:6)
  Maurice (D:9)
  2 kobold demonologists (D:11)
  2 trolls (D:11)
  A hornet (D:9)
  A hippogriff (D:7)
  Sigmund (D:3)
  The ghost of DEFE the Charmwright, an amateur DESk (Sewer)
  A spriggan (D:7)
  A vampire (D:11)
  4 wraiths (D:10)
  A wyvern (D:11)
  2 porcupines (D:11)
  2 ice beasts
  4 orc warriors
  A necrophage (D:11)
  2 sky beasts
  5 ogres
  A phantom (D:7)
  7 centaurs
  A crocodile (D:11)
  4 earth elementals (D:10)
  2 bullfrogs
  A water moccasin skeleton (D:4)
  4 scorpions
  3 killer bees (D:11)
  4 electric eels
  2 howler monkeys
  A quasit (D:11)
  2 centaur zombies
  5 crimson imps
  A gnoll shaman (D:7)
  3 orc priests
  2 centaur skeletons
  7 hounds
  3 jellies
  3 iguanas
  10 orc wizards
  5 worker ants
  2 hound zombies (Ossuary)
  A hound skeleton (D:9)
  A howler monkey zombie (Ossuary)
  22 mummies (Ossuary)
  4 worker ant zombies
  8 gnolls
  7 adders
  3 shadow imps
  9 oozes
  An adder zombie (D:9)
  An adder skeleton (D:6)
  7 worms
  2 dart slugs
  4 leopard geckos
  27 orcs
  3 giant cockroaches
  7 goblins
  5 hobgoblins
  12 jackals
  4 quokkas
  3 ball pythons
  10 bats
  4 frilled lizards
  8 kobolds
  2 leopard gecko zombies (Ossuary)
  4 rats
275 creatures vanquished.

Vanquished Creatures (others)
  6 withered plants (Ossuary)
6 creatures vanquished.

Grand Total: 281 creatures vanquished

Notes
Turn   | Place    | Note
-------+----------+-------------------------------------------
     0 | D:1      | KristoblXynda the Draconian Berserker began the quest for the Orb.
     0 | D:1      | Reached XP level 1. HP: 19/19 MP: 1/1
   188 | D:1      | Reached XP level 2. HP: 26/26 MP: 2/2
   503 | D:2      | Found a blossoming altar of Fedhas.
   651 | D:2      | Reached XP level 3. HP: 14/33 MP: 3/3
   951 | D:2      | Reached ** piety under Trog
  1312 | D:3      | Reached XP level 4. HP: 34/40 MP: 4/4
  1530 | D:3      | Noticed Sigmund
  1540 | D:3      | Killed Sigmund
  1540 | D:3      | Reached skill level 5 in Fighting
  1540 | D:3      | Reached skill level 4 in Long Blades
  1540 | D:3      | Reached XP level 5. HP: 48/48 MP: 5/5
  1639 | D:3      | Found a glowing drain.
  1660 | Sewer    | Entered a sewer
  1675 | Sewer    | Reached XP level 6. HP: 51/56 MP: 6/6
  1719 | Sewer    | Noticed DEFE's ghost (amateur DESk)
  1727 | Sewer    | Killed DEFE's ghost
  2485 | Sewer    | Reached skill level 5 in Long Blades
  3186 | D:4      | Your scales start taking on a golden yellow colour.
  3186 | D:4      | Reached XP level 7. HP: 49/61 MP: 7/7
  3435 | D:4      | Reached *** piety under Trog
  3442 | D:4      | Reached skill level 5 in Dodging
  4427 | D:4      | Reached skill level 1 in Stealth
  4596 | D:4      | Reached skill level 6 in Long Blades
  4596 | D:4      | Reached XP level 8. HP: 53/71 MP: 8/8
  5127 | D:5      | Entered Level 5 of the Dungeon
  5138 | D:5      | Found a sand-covered staircase.
  5144 | Ossuary  | Entered an ossuary
  5414 | Ossuary  | Reached skill level 1 in Evocations
  5541 | Ossuary  | Reached **** piety under Trog
  6421 | D:5      | Reached skill level 7 in Long Blades
  6689 | D:5      | Found a burning altar of Makhleb.
  6690 | D:5      | Found a sacrificial altar of Ru.
  6691 | D:5      | Found a shadowy altar of Dithmenos.
  6692 | D:5      | Found an ancient bone altar of Kikubaaqudgha.
  6692 | D:5      | Found a hide-covered altar of Uskayaw.
  6694 | D:5      | Found a deep blue altar of Sif Muna.
  6695 | D:5      | Found an iron altar of Okawaru.
  6711 | D:5      | You fall through a shaft for 2 floors!
  6868 | D:7      | Reached XP level 9. HP: 77/77 MP: 11/11
  7481 | D:6      | Noticed an angel
  7482 | D:6      | Found a glowing silver altar of Zin.
  7569 | D:6      | Noticed Gorglomux's ghost (novice GnTm)
  7589 | D:6      | Killed Gorglomux's ghost
  7589 | D:6      | Reached skill level 5 in Stealth
  7602 | D:6      | Reached skill level 8 in Long Blades
  7602 | D:6      | Reached skill level 5 in Evocations
  7713 | D:6      | Found Ziaxt's Food Boutique.
  8016 | D:6      | Found a shimmering altar of Xom.
  8809 | D:7      | Reached ***** piety under Trog
  8902 | D:7      | Found a staircase to the Ecumenical Temple.
  8917 | Temple   | Entered the Ecumenical Temple
  9516 | D:8      | Reached XP level 10. HP: 79/84 MP: 14/14
  9567 | D:8      | Received a gift from Trog
  9575 | D:8      | Reached skill level 9 in Long Blades
  9723 | D:8      | Found Ote Tuwn's Changing Room.
  9737 | D:8      | Bought 3 mutagenic chunks of flesh for 4 gold pieces
  9737 | D:8      | Bought 3 mutagenic chunks of flesh for 4 gold pieces
  9737 | D:8      | Gained mutation: You are covered in fur. (AC +1) [mutagenic meat]
  9738 | D:8      | Gained mutation: Your magical capacity is low. (-10% MP) [mutagenic meat]
  9739 | D:8      | Gained mutation: Your spells are a little easier to cast, but a little less powerful. [mutagenic meat]
  9740 | D:8      | Gained mutation: You have sharp toenails. [mutagenic meat]
  9741 | D:8      | Gained mutation: You are dopey. (Int -2) [mutagenic meat]
  9742 | D:8      | Bought a potion of mutation for 120 gold pieces
  9742 | D:8      | Lost mutation: You are covered in fur. (AC +1) [potion of mutation]
  9742 | D:8      | Lost mutation: You are dopey. (Int -2) [potion of mutation]
  9742 | D:8      | Lost mutation: Your spells are a little easier to cast, but a little less powerful. [potion of mutation]
  9742 | D:8      | Lost mutation: Your magical capacity is low. (-10% MP) [potion of mutation]
  9742 | D:8      | Gained mutation: Your flesh is heat resistant. (rF+) [potion of mutation]
  9742 | D:8      | Gained mutation: You can translocate small distances at will. [potion of mutation]
  9742 | D:8      | Gained mutation: Your skin changes colour to match your surroundings (Stealth+). [potion of mutation]
  9747 | D:8      | Noticed p0werm0de's ghost (novice DsFi)
  9776 | D:8      | Killed p0werm0de's ghost
 10020 | D:8      | Noticed a two-headed ogre
 10029 | D:8      | Killed a two-headed ogre
 10109 | D:9      | Noticed a cyclops
 10117 | D:9      | Killed a cyclops
 10281 | D:9      | Noticed Maurice
 10295 | D:9      | Killed Maurice
 10295 | D:9      | Reached skill level 1 in Throwing
 10377 | D:9      | Found a transporter.
 10397 | D:9      | Found a transporter.
 10540 | D:9      | Reached skill level 10 in Long Blades
 10625 | D:9      | Identified the Collected Works on Excruciating Flames
 10944 | D:9      | Noticed a two-headed ogre
 10959 | D:9      | Killed a two-headed ogre
 11394 | D:10     | Entered Level 10 of the Dungeon
 11559 | D:10     | Noticed a two-headed ogre
 11566 | D:10     | Killed a two-headed ogre
 11566 | D:10     | Reached XP level 11. HP: 64/91 MP: 17/17
 11669 | D:10     | Noticed Josephine
 11684 | D:10     | Killed Josephine
 11769 | D:10     | Killed an unseen horror
 11905 | D:10     | Found a staircase to the Orcish Mines.
 11911 | D:10     | Noticed Nergalle
 11925 | D:10     | Killed Nergalle
 12157 | D:10     | Noticed Fannar
 12169 | D:10     | Killed Fannar
 12169 | D:10     | Reached skill level 11 in Long Blades
 12581 | D:11     | Noticed a soul eater
 12596 | D:10     | Reached skill level 5 in Throwing
 13230 | D:11     | Paralysed by a chaos spawn for 6 turns
 13234 | D:11     | HP: 1/95 [chaos spawn[a kobold demonologist] (4)]
 13235 | D:11     | Slain by a chaos spawn

Vault maps used:
D:1:      dpeg_arrival_court
D:2:      fedhas_altar_3
D:3:      portal_sewer_entry_d, first_bread, uniq_sigmund
D:5:      grunt_temple_overflow_open, nicolae_ossuary_entry_plus
D:6:      grunt_temple_overflow_order_and_chaos_1, serial_shops,
          kennysheep_little_box
D:7:      minmay_temple_entry_enclosed_plants, the_bakery, minmay_crystal_water,
          minmay_curled_crystal
D:8:      nicolae_transmutations_shop
D:9:      gammafunk_steamed_eel, uniq_maurice
D:10:     minmay_stone_box, orc_0_dummy, uniq_josephine, uniq_fannar,
          uniq_nergalle
D:11:     grunt_lair_entry_orc_guard_hut
Temple:   nicolae_temple_no_exploring_needed
Sewer:    sewer_fruit_machine
Ossuary:  ossuary_zaba_flooded

Skill      XL: |  1  2  3  4  5  6  7  8  9 10 11 |
---------------+----------------------------------+-----
Dodging        | 3 4 5 6 7 |  7.0
Fighting       | 4 5 6 8 |  8.9
Long Blades    | 4 5 6 7 8 10 11 | 11.5
Stealth        | 1 4 6 |  6.1
Evocations     | 3 6 8 |  8.1
Throwing       | 3 5 |  5.8

Action                   |  1- 3 |  4- 6 |  7- 9 | 10-12 || total
-------------------------+-------+-------+-------+-------++-------
Melee: Falchion          |    88 |   117 |   598 |   344 ||  1147
       Tailslap          |     9 |    20 |   128 |    75 ||   232
Invok: Berserk           |       |     2 |     3 |     7 ||    12
 Abil: Breathe Acid      |       |       |     3 |    12 ||    15
Evoke: Wand              |       |       |       |     7 ||     7
  Use: Scroll            |     3 |     5 |    18 |     4 ||    30
       Potion            |       |       |       |     4 ||     4
 Stab: Sleeping          |     1 |     3 |    13 |    13 ||    30
       Distracted        |       |       |     1 |     1 ||     2
  Eat: Chunk             |     1 |     5 |     9 |    16 ||    31
       Royal jelly       |       |     1 |       |     1 ||     2
       Fruit             |       |     1 |     8 |     3 ||    12
       Meat ration       |       |     1 |     1 |     1 ||     3
Armor: Skin              |    26 |    44 |   166 |   111 ||   347
Dodge: Dodged            |    69 |   105 |   415 |   197 ||   786
       Rpst.: Falchion   |    26 |    41 |   109 |    53 ||   229

Table legend:
 A = Spawn XP
 B = Non-spawn XP
 C = Spawn XP percentage of total XP
 D = Spawn monster count
 E = Non-spawn monster count
 F = Spawn count percentage of total count
 G = Total turns spent on level
                    A         B        C        D         E        F      G
               +---------+---------+-------+---------+---------+-------+---------
         Total |     759 |   19944 |   3.7 |      25 |     250 |   9.1 | 13235
               +---------+---------+-------+---------+---------+-------+---------
           D:1 |      10 |      14 |  41.7 |       3 |       7 |  30.0 |   479
           D:2 |       3 |      60 |   4.8 |       3 |      20 |  13.0 |   745
           D:3 |       3 |     292 |   1.0 |       1 |      12 |   7.7 |   958
           D:4 |     210 |     717 |  22.7 |       8 |      23 |  25.8 |  1957
           D:5 |      50 |     222 |  18.4 |       1 |      12 |   7.7 |   587
           D:6 |     124 |    1116 |  10.0 |       1 |      17 |   5.6 |   897
           D:7 |     214 |    1256 |  14.6 |       4 |      17 |  19.0 |  1510
           D:8 |       0 |    2551 |   0.0 |       0 |      21 |   0.0 |   883
           D:9 |      49 |    2934 |   1.6 |       2 |      25 |   7.4 |  1183
          D:10 |      96 |    6064 |   1.6 |       2 |      18 |  10.0 |  1271
          D:11 |       0 |    3714 |   0.0 |       0 |      21 |   0.0 |   570
         Sewer |       0 |     320 |   0.0 |       0 |      27 |   0.0 |   988
       Ossuary |       0 |     684 |   0.0 |       0 |      30 |   0.0 |  1205
               +---------+---------+-------+---------+---------+-------+---------
